 Dungeon Crawl Stone Soup version 0.26.1-11-gd32895ea62 (webtiles) character file.

Game seed: 2492632440252768388

103 hawla the Conjurer (level 4, -4/25 HPs)
             Began as a Deep Elf Conjurer on May 16, 2021.
             Killed from afar by an orc wizard (15 damage)
             ... with a puff of frost
             ... on level 3 of the Dungeon.
             The game lasted 00:06:17 (3444 turns).

hawla the Conjurer (Deep Elf Conjurer)              Turns: 3444, Time: 00:06:18

Health: -4/25      AC:  4    Str:  4    XL:     4   Next: 51%
Magic:  2/11       EV: 13    Int: 24    God:
Gold:   158        SH:  0    Dex: 13    Spells: 8/11 levels left

rFire    . . .     SeeInvis .   i - +0 short sword (venom)
rCold    . . .     Faith    .   (no shield)
rNeg     . . .     Spirit   .   a - +0 robe
rPois    .         Reflect  .   (no helmet)
rElec    .         Harm     .   (no cloak)
rCorr    .         Rampage  +   h - +0 pair of gloves
Will     .....                  l - +0 pair of boots {rampage}
Stlth    ++........             (no amulet)
HPRegen  0.08/turn              o - ring of flight
MPRegen  0.12/turn              (no ring)

@: no status effects
A: low mp 1, MP-powered wands
a: Evoke Flight


You were on level 3 of the Dungeon.
You visited 1 branch of the dungeon, and saw 4 of its levels.

You collected 158 gold pieces.

Inventory:

Hand Weapons
 i - a +0 short sword of venom (weapon)
Missiles
 s - 2 boomerangs of dispersal (quivered)
Armour
 a - a +0 robe (worn)
 h - a +0 pair of gloves (worn)
 l - a +0 pair of boots of rampaging (worn)
Jewellery
 o - a ring of flight (left hand)
 t - a +6 ring of strength {unknown}
Scrolls
 b - a scroll of fog {unknown}
 c - a scroll of enchant weapon {unknown}
 f - a scroll of enchant armour {unknown}
 g - a scroll of magic mapping {unknown}
 j - 3 scrolls of teleportation {unknown}
 k - a scroll of random uselessness {unknown}
 m - 2 scrolls of immolation {unknown}
 n - a scroll of fear {unknown}
 r - a scroll of remove curse {unknown}
Potions
 d - 2 potions of invisibility
 e - a potion of haste
 p - a potion of brilliance {unknown}
 q - a potion of magic {unknown}


   Skills:
 - Level 1.0 Fighting
 - Level 2.4 Dodging
 - Level 2.4 Stealth
 + Level 4.3 Spellcasting
 + Level 5.1 Conjurations
 + Level 2.2 Translocations


You had 8 spell levels left.
You knew the following spells:

 Your Spells              Type           Power        Failure   Level
a - Magic Dart            Conj           100%         1%          1
b - Searing Ray           Conj           58%          1%          2

Your spell library contained the following spells:

 Spells                   Type           Power        Failure   Level
 Dazzling Flash           Conj/Hex       34%          10%         3
 Iskenderun's Mystic Bla  Conj/Tloc      22%          21%         4
 Fulminant Prism          Conj/Hex       8%           32%         4


Dungeon Overview and Level Annotations

Branches:
Dungeon (4/15)
 Temple: D:4-7

Altars:
The Shining One


Innate Abilities, Weirdness & Mutations

Your magical capacity is low. (-10% MP)
You expend magic power (3 MP) to strengthen your wands.


Message History

You kill the adder!
You finish channeling your searing ray.
The orc wizard gestures at you while chanting.
The puff of flame hits you!
Casting: Searing Ray (safe; 1% risk of failure)
Confirm with . or Enter, or press ? or * to list all spells.
Aiming: Searing Ray (safe; 1% risk of failure)
Press: ? - help, Shift-Dir - straight line, f - orc wizard
Aim: an orc wizard, wielding a +0 dagger and wearing a +0 robe (fast, 26% to evade)
The searing ray hits the orc wizard!
The orc wizard is heavily wounded. (Press . to maintain the ray.)
The orc wizard casts a spell at you. The puff of frost misses you.
The searing ray misses the orc wizard.
The searing ray hits the orc wizard.
The orc wizard is moderately wounded.
The orc wizard points at you and mumbles some strange words.
The puff of frost hits you!
Ouch! That really hurt!
You die...

#..# .# ###.##.#
#..# .# #.##..
###..# .# #.####
#....##.# #.#
#.#..#..# ###.#
#.......# #<..#
###.....# #####
#..#.#########
#..#@#....o...
#..#)#.!o.....
#..#o#...S....
#.##.#†#.)......
#.....o.........
####.#.#####....
#.......h# ...
......#.#.# .
..g.#....#.#


You could see 2 orc wizards.

Vanquished Creatures
  3 adders
  An ooze (D:2)
  A worm (D:2)
  4 dart slugs (D:2)
  A leopard gecko (D:1)
  2 orcs (D:3)
  4 bats
  A giant cockroach (D:2)
  4 goblins
  13 hobgoblins
  A jackal (D:3)
  7 kobolds
  A quokka (D:3)
  4 frilled lizards
  10 rats
57 creatures vanquished.

Notes
Turn   | Place    | Note
-------+----------+-------------------------------------------
     0 | D:1      | hawla the Deep Elf Conjurer began the quest for the Orb.
     0 | D:1      | Reached XP level 1. HP: 10/10 MP: 6/6
   195 | D:1      | Reached XP level 2. HP: 16/16 MP: 4/8
   369 | D:1      | Learned a level 2 spell: Searing Ray
   809 | D:1      | Reached skill level 1 in Translocations
  1686 | D:2      | Reached XP level 3. HP: 20/20 MP: 7/10
  1760 | D:2      | Found a glowing golden altar of the Shining One.
  1910 | D:2      | Reached skill level 1 in Fighting
  2818 | D:2      | You fall into a shaft and drop 2 floors!
  2823 | D:4      | Noticed an ogre
  2872 | D:2      | Reached skill level 5 in Conjurations
  2872 | D:2      | Reached XP level 4. HP: 25/25 MP: 7/12
  3068 | D:2      | Found a glowing golden altar of the Shining One.
  3144 | D:3      | Gained mutation: Your magical capacity is low. (-10% MP)
                  | [potion of mutation]
  3144 | D:3      | Gained mutation: You expend magic power (3 MP) to
                  | strengthen your wands. [potion of mutation]
  3444 | D:3      | Killed from afar by an orc wizard

Illustrated notes

Levels and vault maps discovered:
D:1:      dpeg_arrival_rooms_b, layout_basic
D:2:      layout_loops_corners, lemuel_round_altar,
          nicolae_tso_swordbearing_angel
D:3:      layout_basic, ebering_ghost_rock_garden, ashenzari_altar_1
D:4:      layout_rooms, grunt_dithmenos_shadows, uniq_crazy_yiuf_cottage

Skill      XL: |  1  2  3  4 |
---------------+-------------+-----
Translocations | 1 2 |  2.2
Fighting       | 1 |  1.0
Spellcasting   | 4 |  4.3
Conjurations   | 5 |  5.1
Dodging        | |  2.4
Stealth        | |  2.4

Action                   |  1- 3 |  4- 6 || total
-------------------------+-------+-------++-------
Melee: Unarmed           |     8 |       ||     8
       Short sword       |    18 |     3 ||    21
 Cast: Magic Dart        |    37 |       ||    37
       Searing Ray       |    19 |     6 ||    25
  Use: Scroll            |     2 |     1 ||     3
       Potion            |       |     1 ||     1
 Stab: Sleeping          |       |     1 ||     1
Armor: Robe              |    13 |     1 ||    14
Dodge: Dodged            |    32 |     3 ||    35
